[ AOE2 MATCH · #505713225 ]
UnrankedIncas vs Armenians
Player's team · LOSS
[ REPLAY ANALYSIS · EXTRACTED FROM THE RECORDED GAME ]
Feudal
11:22
Castle
23:57
Imperial
—
| APM avg | 40.8 |
| APM peak | 80 |
| eAPM avg | 17.8 |
| Villagers / military | 61 / 13 |
Focus
⚔️ 35.2% · 🌾 64.8%
Unknown (2550) ×10 · Archer ×6 · Skirmisher ×6 · Mangonel ×1
Feudal
12:11
Castle
16:13
Imperial
—
| APM avg | 110.4 |
| APM peak | 165 |
| eAPM avg | 74.2 |
| Villagers / military | 90 / 29 |
Focus
⚔️ 67.5% · 🌾 32.5%
Archer ×21 · Mangonel ×5 · Warrior Priest ×2 · Monk ×1
Match map
Initial resources + every placement click. Lines = walls · curves = elevation contours. ◆ gold · ⬟ stone · ● berries · ✦ relic · ◌ wall gap
Your base· Open — opponent sealed themselves in
Barış Manço's base· ✓ Closed at 16:13 · 10t walls · 1 gate(s)
Smoothed initial terrain · ◌ = detected wall gap · hover for details
Inputs per minute
— Fs.Jubileu - - Barış Manço
Build order — Fs.Jubileu
135 actions detected in the replay
| 0:00 | Create | Villager (Male) |
| 0:00 | Create | Villager (Male) |
| 0:00 | Create | Villager (Male) |
| 0:00 | Create | Villager (Male) |
| 0:00 | Create | Villager (Male) |
| 0:00 | Create | Villager (Male) |
| 0:00 | Create | Villager (Male) |
| 0:00 | Create | Villager (Male) |
| 0:00 | Create | Villager (Male) |
| 0:00 | Create | Villager (Male) |
| 0:00 | Create | Villager (Male) |
| 0:00 | Create | Villager (Male) |
| 0:00 | Create | Villager (Male) |
| 0:00 | Create | Villager (Male) |
| 0:00 | Create | Villager (Male) |
| 0:00 | Create | Villager (Male) |
| 0:00 | Create | Villager (Male) |
| 0:02 | Build | House |
| 0:05 | Build | Barracks |
| 1:22 | Create | Unit 2550 |
| 1:59 | Create | Villager (Male) |
| 2:07 | Create | Unit 2550 |
| 2:07 | Create | Unit 2550 |
| 2:37 | Create | Unit 2550 |
| 2:46 | Create | Villager (Male) |
| 2:58 | Create | Villager (Male) |
| 3:37 | Create | Villager (Male) |
| 3:51 | Create | Villager (Male) |
| 4:22 | Create | Villager (Male) |
| 4:26 | Build | House |
| 4:45 | Create | Villager (Male) |
| 5:06 | Create | Villager (Male) |
| 5:32 | Create | Villager (Male) |
| 5:49 | Create | Villager (Male) |
| 6:24 | Build | Settlement |
| 6:32 | Create | Villager (Male) |
| 6:42 | Create | Unit 2550 |
| 6:43 | Create | Unit 2550 |
| 7:29 | Create | Villager (Male) |
| 7:57 | Create | Villager (Male) |
| 8:22 | Create | Villager (Male) |
| 8:39 | Create | Villager (Male) |
| 9:07 | Research | Feudal Age |
| 9:07 | Research | Feudal Age |
| 9:47 | Create | Unit 2550 |
| 10:22 | Create | Unit 2550 |
| 10:42 | Build | Settlement |
| 11:10 | Create | Villager (Male) |
| 11:14 | Research | Loom |
| 11:22 | Age | Feudal Age |
| 11:26 | Build | Watch Tower |
| 11:30 | Create | Villager (Male) |
| 11:32 | Research | Double-Bit Axe |
| 11:32 | Research | Double-Bit Axe |
| 12:00 | Create | Villager (Male) |
| 12:26 | Research | Tech 1402 |
| 12:29 | Create | Villager (Male) |
| 12:48 | Create | Villager (Male) |
| 12:54 | Build | Settlement |
| 13:06 | Research | Arson |
| 13:19 | Build | Watch Tower |
| 13:23 | Create | Villager (Male) |
| 13:31 | Build | Farm |
| 13:46 | Create | Villager (Male) |
| 13:58 | Create | Villager (Male) |
| 14:04 | Create | Unit 2550 |
| 14:07 | Create | Villager (Male) |
| 14:33 | Build | Watch Tower |
| 14:39 | Create | Villager (Male) |
| 14:52 | Build | Blacksmith |
| 14:55 | Create | Villager (Male) |
| 15:22 | Build | Watch Tower |
| 15:39 | Create | Villager (Male) |
| 15:44 | Research | Fletching |
| 16:03 | Build | Archery Range |
| 16:11 | Create | Villager (Male) |
| 16:24 | Build | Farm |
| 16:38 | Create | Skirmisher |
| 16:39 | Create | Skirmisher |
| 16:42 | Build | Outpost |
| 16:59 | Create | Villager (Male) |
| 17:09 | Create | Villager (Male) |
| 17:15 | Create | Skirmisher |
| 17:21 | Create | Villager (Male) |
| 17:24 | Create | Skirmisher |
| 17:25 | Create | Villager (Male) |
| 17:27 | Build | Farm |
| 17:27 | Build | Farm |
| 17:27 | Build | Farm |
| 17:28 | Build | Farm |
| 17:28 | Build | Farm |
| 17:28 | Build | Farm |
| 17:43 | Build | Watch Tower |
| 17:46 | Create | Villager (Male) |
| 17:47 | Create | Skirmisher |
| 17:53 | Build | Farm |
| 17:57 | Create | Villager (Male) |
| 18:39 | Create | Villager (Male) |
| 18:46 | Create | Villager (Male) |
| 18:52 | Build | Farm |
| 19:09 | Build | House |
| 19:12 | Build | House |
| 19:15 | Build | Farm |
| 19:23 | Build | Market |
| 19:33 | Build | Watch Tower |
| 19:40 | Create | Skirmisher |
| 19:46 | Create | Archer |
| 19:47 | Create | Archer |
| 20:35 | Create | Villager (Male) |
| 21:00 | Build | Watch Tower |
| 21:03 | Create | Villager (Male) |
| 21:17 | Research | Castle Age |
| 21:58 | Create | Unit 2550 |
| 22:10 | Build | Watch Tower |
| 22:37 | Build | Farm |
| 22:38 | Build | Farm |
| 22:40 | Build | Farm |
| 22:42 | Create | Villager (Male) |
| 23:01 | Create | Archer |
| 23:04 | Create | Archer |
| 23:20 | Create | Villager (Male) |
| 23:52 | Create | Archer |
| 23:57 | Age | Castle Age |
| 24:00 | Create | Villager (Male) |
| 24:01 | Create | Villager (Male) |
| 24:02 | Build | University |
| 24:19 | Build | Siege Workshop |
| 24:26 | Create | Archer |
| 24:32 | Research | Bodkin Arrow |
| 25:06 | Create | Mangonel |
| 25:17 | Create | Villager (Male) |
| 25:29 | Research | Guard Tower (upgrade) |
| 25:53 | Build | Watch Tower |
| 26:46 | Build | Watch Tower |
| 27:11 | Create | Villager (Male) |
Build order — Barış Manço
First 150 of 205 actions detected
| 0:00 | Create | Villager (Male) |
| 0:00 | Create | Villager (Male) |
| 0:01 | Create | Villager (Male) |
| 0:02 | Build | House |
| 0:03 | Build | House |
| 0:04 | Create | Villager (Male) |
| 0:11 | Research | Loom |
| 0:12 | Research | Loom |
| 0:13 | Create | Villager (Male) |
| 0:13 | Create | Villager (Male) |
| 0:13 | Create | Villager (Male) |
| 0:13 | Create | Villager (Male) |
| 1:02 | Build | Palisade Wall |
| 1:44 | Build | Palisade Gate |
| 1:54 | Create | Villager (Male) |
| 1:55 | Create | Villager (Male) |
| 2:08 | Create | Villager (Male) |
| 2:12 | Build | Palisade Wall |
| 2:13 | Build | Palisade Wall |
| 2:14 | Build | Palisade Wall |
| 2:14 | Build | Palisade Wall |
| 2:15 | Build | Palisade Wall |
| 2:45 | Build | Palisade Wall |
| 2:48 | Create | Villager (Male) |
| 2:48 | Create | Villager (Male) |
| 3:03 | Create | Villager (Male) |
| 3:09 | Build | House |
| 3:31 | Build | Mule Cart |
| 3:31 | Create | Villager (Male) |
| 3:34 | Build | House |
| 3:49 | Create | Villager (Male) |
| 4:06 | Build | House |
| 4:12 | Create | Villager (Male) |
| 4:13 | Create | Villager (Male) |
| 4:25 | Create | Villager (Male) |
| 4:42 | Build | House |
| 4:50 | Create | Villager (Male) |
| 4:51 | Create | Villager (Male) |
| 5:12 | Build | House |
| 5:25 | Create | Villager (Male) |
| 5:25 | Create | Villager (Male) |
| 5:35 | Create | Villager (Male) |
| 5:35 | Create | Villager (Male) |
| 5:36 | Create | Villager (Male) |
| 6:15 | Build | Mill |
| 6:20 | Create | Villager (Male) |
| 6:27 | Build | House |
| 6:56 | Create | Villager (Male) |
| 7:07 | Build | House |
| 7:22 | Create | Villager (Male) |
| 8:18 | Build | House |
| 8:20 | Build | House |
| 8:21 | Create | Villager (Male) |
| 8:21 | Create | Villager (Male) |
| 8:48 | Build | Mule Cart |
| 9:04 | Create | Villager (Male) |
| 9:07 | Build | House |
| 9:26 | Create | Villager (Male) |
| 9:26 | Research | Feudal Age |
| 9:29 | Research | Feudal Age |
| 9:29 | Research | Feudal Age |
| 9:32 | Build | House |
| 10:17 | Create | Villager (Male) |
| 10:17 | Create | Villager (Male) |
| 10:37 | Build | Barracks |
| 10:46 | Build | House |
| 10:49 | Build | House |
| 11:26 | Build | House |
| 11:43 | Build | House |
| 12:11 | Age | Feudal Age |
| 12:15 | Build | Archery Range |
| 12:33 | Build | House |
| 12:36 | Build | House |
| 13:02 | Build | Blacksmith |
| 13:03 | Create | Villager (Male) |
| 13:30 | Build | House |
| 13:31 | Build | House |
| 13:33 | Research | Castle Age |
| 13:33 | Research | Castle Age |
| 13:57 | Create | Archer |
| 14:04 | Create | Villager (Male) |
| 14:09 | Research | Double-Bit Axe |
| 14:11 | Build | Farm |
| 14:15 | Create | Archer |
| 14:48 | Build | Farm |
| 14:56 | Build | Farm |
| 14:58 | Build | Farm |
| 14:58 | Create | Villager (Male) |
| 15:06 | Create | Archer |
| 15:10 | Build | Farm |
| 15:17 | Build | Farm |
| 15:25 | Build | Farm |
| 15:32 | Create | Archer |
| 15:43 | Create | Villager (Male) |
| 15:48 | Build | Farm |
| 15:53 | Create | Archer |
| 16:00 | Research | Fletching |
| 16:00 | Research | Fletching |
| 16:05 | Create | Villager (Male) |
| 16:13 | Age | Castle Age |
| 16:21 | Build | Town Center |
| 16:41 | Create | Villager (Male) |
| 16:44 | Build | Farm |
| 17:00 | Create | Villager (Male) |
| 17:04 | Build | Monastery |
| 17:04 | Create | Villager (Male) |
| 17:36 | Create | Villager (Male) |
| 17:36 | Create | Villager (Male) |
| 17:38 | Build | Farm |
| 17:42 | Create | Villager (Male) |
| 17:42 | Create | Villager (Male) |
| 17:48 | Create | Warrior Priest |
| 17:53 | Create | Villager (Male) |
| 17:55 | Build | Farm |
| 18:04 | Create | Villager (Male) |
| 18:04 | Create | Villager (Male) |
| 18:07 | Create | Villager (Male) ×2 |
| 18:07 | Create | Villager (Male) ×2 |
| 18:31 | Build | Farm |
| 18:33 | Create | Villager (Male) |
| 18:33 | Create | Villager (Male) |
| 18:38 | Build | Siege Workshop |
| 18:46 | Create | Villager (Male) |
| 18:46 | Create | Villager (Male) |
| 19:04 | Create | Warrior Priest |
| 19:13 | Build | Archery Range |
| 19:22 | Build | Farm |
| 19:23 | Create | Villager (Male) |
| 19:23 | Create | Villager (Male) |
| 19:41 | Create | Mangonel |
| 19:41 | Create | Mangonel |
| 19:48 | Create | Villager (Male) |
| 19:48 | Create | Villager (Male) |
| 19:48 | Create | Villager (Male) |
| 19:55 | Build | Farm |
| 20:03 | Create | Villager (Male) |
| 20:10 | Build | House |
| 20:11 | Build | House |
| 20:20 | Create | Archer |
| 20:24 | Create | Villager (Male) |
| 20:24 | Create | Villager (Male) |
| 20:27 | Build | Farm |
| 20:51 | Create | Mangonel |
| 20:58 | Create | Villager (Male) |
| 20:58 | Create | Villager (Male) |
| 20:58 | Create | Villager (Male) |
| 21:01 | Create | Archer |
| 21:12 | Build | House |
| 21:14 | Build | Farm |
| 21:19 | Create | Villager (Male) |
Match timeline
| 0:05 | Fs.Jubileu · first_building Barracks |
| 1:02 | Barış Manço · wall_segment Palisade Wall x8 |
| 2:12 | Barış Manço · wall_segment Palisade Wall x1 |
| 2:13 | Barış Manço · wall_segment Palisade Wall x1 |
| 2:14 | Barış Manço · wall_segment Palisade Wall x1 |
| 2:14 | Barış Manço · wall_segment Palisade Wall x1 |
| 2:15 | Barış Manço · wall_segment Palisade Wall x1 |
| 2:45 | Barış Manço · wall_segment Palisade Wall x1 |
| 10:37 | Barış Manço · first_building Barracks |
| 11:22 | Fs.Jubileu · age_up feudal |
| 12:11 | Barış Manço · age_up feudal |
| 12:15 | Barış Manço · first_building Archery Range |
| 16:03 | Fs.Jubileu · first_building Archery Range |
| 16:13 | Barış Manço · age_up castle |
| 17:04 | Barış Manço · first_building Monastery |
| 18:38 | Barış Manço · first_building Siege Workshop |
| 21:05 | Fs.Jubileu · first_market_buy 100 food |
| 21:07 | Fs.Jubileu · first_market_sell 100 wood |
| 23:57 | Fs.Jubileu · age_up castle |
| 24:19 | Fs.Jubileu · first_building Siege Workshop |
| 25:26 | Barış Manço · first_building Castle |
| 27:18 | Fs.Jubileu · resign |
[ AI ANALYSIS · 1 CREDIT ]
What really happened in this match?
Wolo.gg analyzes every decision: build order, eco, micro, common mistakes by bracket. Personalized analysis on WhatsApp or Discord in 30 seconds.
Civ guide
Incas
Perfil
Fs.Jubileu